 Dungeon Crawl Stone Soup version 0.24-a0-479-g9a978d2 (webtiles) character file.

Game seed: 11139826763207981458

455 slavetoarmok the Skirmisher (level 6, -4/56 HPs)
             Began as a Draconian Fighter on July 7, 2019.
             Slain by Crazy Yiuf
             ... wielding a +4 quarterstaff of chaos
              (10 damage)
             ... on level 3 of the Dungeon.
             The game lasted 00:06:25 (2848 turns).

slavetoarmok the Skirmisher (Draconian Fighter)     Turns: 2848, Time: 00:06:26

Health: -4/56      AC:  7    Str: 18    XL:     6   Next: 76%
Magic:  6/6        EV: 12    Int:  8    God:
Gold:   165        SH:  9    Dex: 13    Spells: 5/5 levels left

rFire    . . .     SeeInvis .   a - +0 long sword
rCold    . . .     Gourm    .   b - +0 shield
rNeg     . . .     Faith    .   (armour unavailable)
rPois    .         Spirit   .   (helmet restricted)
rElec    .         Reflect  .   (no cloak)
rCorr    .         Harm     .   (no gloves)
MR       .....                  h - +0 pair of boots
Stlth    +.........             (no amulet)
HPRegen  0.18/turn              (no ring)
MPRegen  0.10/turn              (no ring)

@: no status effects
A: unfitting armour, cold-blooded, AC +6
a: no special abilities


You were on level 3 of the Dungeon.
You were not hungry.

You visited 1 branch of the dungeon, and saw 3 of its levels.

You collected 165 gold pieces.

Inventory:

Hand Weapons
 a - a +0 long sword (weapon)
Armour
 b - a +0 shield (worn)
 c - a +1 helmet of see invisible
 h - a +0 pair of boots (worn)
Jewellery
 q - an uncursed amulet of rage {unknown}
 s - an uncursed ring of wizardry {unknown}
Wands
 p - a wand of acid (8)
Scrolls
 j - a scroll of immolation {unknown}
 k - 2 scrolls of teleportation {unknown}
 l - 5 scrolls of identify {unknown}
 m - a scroll of amnesia {unknown}
 o - 2 scrolls of enchant armour {unknown}
 r - a scroll of random uselessness {unknown}
Potions
 e - a potion of curing
 f - a potion of lignification {unknown}
 g - a potion of heal wounds {unknown}
 i - 2 potions of flight {unknown}
 n - 3 potions of cancellation {unknown}
Comestibles
 d - 4 rations


   Skills:
 + Level 5.0 Fighting
 + Level 4.1 Long Blades
 + Level 4.2 Dodging
 + Level 4.4 Shields


You had 5 spell levels left.
You didn't know any spells.
Your spell library was empty.

Dungeon Overview and Level Annotations

Branches:
Dungeon (3/15)

Altars:
Dithmenos
Fedhas
Kikubaaqudgha
Sif Muna
Zin

Annotations:
D:3 Crazy Yiuf


Innate Abilities, Weirdness & Mutations

Your plain brown scales are hard. (AC +6)
You cannot fit into any form of body armour.
You are cold-blooded and may be slowed by cold attacks.


Message History

You barely miss Crazy Yiuf. You tail-slap Crazy Yiuf.
Crazy Yiuf is almost dead.
You feel yourself speed up.
Crazy Yiuf hits you with a +4 quarterstaff of chaos!
* * * LOW HITPOINT WARNING * * *
You feel yourself slow down. Crazy Yiuf freezes you.
* * * LOW HITPOINT WARNING * * *
Crazy Yiuf hits you with a +4 quarterstaff of chaos.
* * * LOW HITPOINT WARNING * * *
Crazy Yiuf burns you.
* * * LOW HITPOINT WARNING * * *
You barely miss Crazy Yiuf.
Crazy Yiuf is almost dead.
Crazy Yiuf hits you but does no damage.
You barely miss Crazy Yiuf.
Crazy Yiuf is almost dead.
You feel yourself speed up. Crazy Yiuf barely misses you.
Crazy Yiuf hits you with a +4 quarterstaff of chaos!
You die...

## .######## #########
........# #.......#
.#########♣♣♣♣♣
#######.##
.<..........♣.♣♣♣ ###
#..###....
#######......♣..♣#...#
##...^....
###......♣♣♣♣@g...#
#.###..... ##.......♣♣
♣♣#..)# #.###.....
###..#####♣♣ ###
#......... ........#
#.####.### ####....#
#..###.#
.....############
###..##..# ######
#.......# #....##.##
## #....##.#
#....#..#### .#
#....##.###
#......#....


You could see Crazy Yiuf.

Vanquished Creatures
  Grinder (D:3)
  2 vampire bats (D:3)
  An orc priest (D:2)
  A hound (D:3)
  Terence (D:2)
  6 dart slugs
  4 leopard geckos
  6 orcs
  2 bat skeletons (D:3)
  3 bat zombies (D:3)
  2 giant cockroaches
  13 goblins
  8 hobgoblins
  3 jackals (D:3)
  4 kobolds
  5 bats
  7 frilled lizards
  7 rats
76 creatures vanquished.

Notes
Turn   | Place    | Note
-------+----------+-------------------------------------------
     0 | D:1      | slavetoarmok the Draconian Fighter began the quest for the
                  | Orb.
     0 | D:1      | Reached XP level 1. HP: 19/19 MP: 1/1
   160 | D:1      | Reached XP level 2. HP: 24/26 MP: 2/2
   580 | D:2      | Noticed Terence
   592 | D:2      | Reached XP level 3. HP: 13/33 MP: 3/3
   595 | D:2      | Killed Terence
   996 | D:2      | Found a blossoming altar of Fedhas.
  1025 | D:2      | Reached XP level 4. HP: 32/40 MP: 4/4
  1215 | D:2      | Reached skill level 4 in Fighting
  1895 | D:3      | Reached XP level 5. HP: 46/46 MP: 5/5
  2160 | D:3      | Found a shadowy altar of Dithmenos.
  2216 | D:3      | Found a runed translucent door.
  2217 | D:3      | Noticed Crazy Yiuf
  2341 | D:3      | Found a glowing silver altar of Zin.
  2377 | D:3      | Found an ancient bone altar of Kikubaaqudgha.
  2392 | D:3      | Reached XP level 6. HP: 50/53 MP: 6/6
  2438 | D:3      | Noticed Grinder
  2448 | D:3      | Paralysed by Grinder for 4 turns
  2458 | D:3      | Paralysed by Grinder for 2 turns
  2460 | D:3      | Killed Grinder
  2460 | D:3      | Reached skill level 5 in Fighting
  2766 | D:3      | Found a deep blue altar of Sif Muna.
  2848 | D:3      | Slain by Crazy Yiuf

Levels and vault maps discovered:
D:1:      lemuel_arrival_broad_hall, layout_basic, nrook_campfire,
          hangedman_decor_clover_reticule, dk_noncrumbling_4,
          serial_bayou_pond_d
D:2:      cheibrodos_pilgrimage, layout_loops_cross, fedhas_altar_2,
          uniq_terence
D:3:      cheibrodos_greedy_goblins, layout_rooms, lemuel_blue_sif_altar,
          lemuel_doored_altar, kennysheep_vampire_church, marbit_many_paths,
          uniq_grinder, uniq_crazy_yiuf_cottage

Skill      XL: |  1  2  3  4  5  6 |
---------------+-------------------+-----
Dodging        | 3 4 |  4.2
Fighting       | 4 5 |  5.0
Long Blades    | 3 4 |  4.1
Shields        | 4 |  4.4

Action                   |  1- 3 |  4- 6 || total
-------------------------+-------+-------++-------
Melee: Long sword        |    73 |   143 ||   216
       Tailslap          |     9 |    17 ||    26
  Use: Potion            |     1 |     1 ||     2
 Stab: Sleeping          |       |     1 ||     1
  Eat: Chunk             |       |     4 ||     4
       Ration            |       |     1 ||     1
Armor: Skin              |    14 |    58 ||    72
Dodge: Dodged            |    34 |    73 ||   107
Block: Shield            |    28 |    93 ||   121
       Rpst.: Long sword |    15 |    22 ||    37

Table legend:
 A = Non-vault XP
 B = Vault XP
 C = Vault XP percentage of total XP
 D = Non-vault monster count
 E = Vault monster count
 F = Vault count percentage of total count
                 A         B        C        D         E       F
            +---------+---------+-------+---------+---------+-------
      Total |     137 |     514 |  79.0 |      49 |      27 |  35.5
            +---------+---------+-------+---------+---------+-------
        D:1 |      37 |       0 |   0.0 |      20 |       0 |   0.0
        D:2 |      30 |      95 |  76.0 |      13 |       7 |  35.0
        D:3 |      70 |     419 |  85.7 |      16 |      20 |  55.6
            +---------+---------+-------+---------+---------+-------
